 Dungeon Crawl Stone Soup version 0.27-a0-1149-g4505690ab0 (webtiles) character file.

Game seed: 4457635961211677423

59 leviel the Skirmisher (level 3, -3/34 HPs)
             Began as a Minotaur Monk on May 13, 2021.
             Slain by an ice beast (13 damage)
             ... on level 3 of the Dungeon.
             The game lasted 00:01:22 (1299 turns).

leviel the Skirmisher (Minotaur Monk)               Turns: 1299, Time: 00:01:23

Health: -3/34      AC:  6    Str: 16    XL:     3   Next: 78%
Magic:  2/2        EV: 11    Int:  7    God:
Gold:   73         SH:  0    Dex: 12    Spells: 2/2 levels left

rFire    . . .     SeeInvis .   a - +0 hand axe
rCold    . . .     Faith    .   (no shield)
rNeg     . . .     Spirit   .   c - +0 ring mail
rPois    .         Reflect  .   (helmet restricted)
rElec    .         Harm     .   (no cloak)
rCorr    .         Rampage  .   d - +0 pair of gloves
Will     .....                  (no boots)
Stlth    +.........             (no amulet)
HPRegen  0.11/turn              (no ring)
MPRegen  0.08/turn              (no ring)

@: no status effects
A: horns 2, retaliatory headbutt
a: no special abilities


You were on level 3 of the Dungeon.
You visited 1 branch of the dungeon, and saw 3 of its levels.

You collected 73 gold pieces.

Inventory:

Hand Weapons
 a - a +0 hand axe (weapon)
Missiles
 f - 11 poisoned darts (quivered)
Armour
 c - a +0 ring mail (worn)
 d - a +0 pair of gloves (worn)
Scrolls
 e - 2 scrolls of enchant armour {unknown}
 g - a scroll of identify {unknown}
 h - a scroll of magic mapping {unknown}


   Skills:
 + Level 4.4 Fighting
 * Level 4.4 Axes
 + Level 2.2 Armour
 - Level 3.2 Dodging
 - Level 1.5 Stealth


You had 2 spell levels left.
You didn't know any spells.
Your spell library was empty.

Dungeon Overview and Level Annotations

Branches:
Dungeon (3/15)

Altars:


Innate Abilities, Weirdness & Mutations

You have a pair of horns on your head.
You reflexively headbutt those who attack you in melee.


Message History

Done exploring.
(D) Dungeon
Where to? (Enter - D:1 @ (x,y), ? - help)
There is an open door here.
There is an open door here.
There is a fountain of clear blue water here.
There is an open door here.
There is a stone staircase leading down here.
You climb downwards.
Found a whip.
There is a stone staircase leading up here.
An ice beast comes into view.
An ice beast is nearby!
An ice beast is nearby!
The ice beast hits you. The ice beast freezes you!
It was a potion of curing.
You feel better. The ice beast completely misses you. You furiously retaliate!
You headbutt the ice beast! You closely miss the ice beast.
The ice beast is moderately wounded.
The ice beast hits you. The ice beast freezes you.
You hit the ice beast but do no damage.
The ice beast is moderately wounded.
The ice beast hits you but does no damage.
You hit the ice beast.
The ice beast is moderately wounded.
The ice beast hits you. The ice beast freezes you!
* * * LOW HITPOINT WARNING * * *
You slash the ice beast! Your headbutt misses the ice beast.
The ice beast is heavily wounded.
The ice beast barely misses you.
You hit the ice beast. Your headbutt misses the ice beast.
The ice beast is heavily wounded.
The ice beast hits you but does no damage.
You hit the ice beast but do no damage.
The ice beast is heavily wounded.
The ice beast hits you.
* * * LOW HITPOINT WARNING * * *
The ice beast freezes you!
You die...

. #... #...##
#..# ......##..#
......#..#
#......<######
.#...#.......#
##.##.##..####.#
#.....Y#..#
#.@..#
#........)....#
##.##.##..###...
... ...# # #..#
.... #.. ....##
## ##..# #..#


You could see an ice beast.

Vanquished Creatures
  3 adders (D:2)
  2 ball pythons
  5 bats
  3 endoplasms (D:2)
  2 goblins (D:1)
  2 hobgoblins
  8 jackals (D:1)
  A quokka (D:1)
  A frilled lizard (D:2)
27 creatures vanquished.

Notes
Turn   | Place    | Note
-------+----------+-------------------------------------------
     0 | D:1      | leviel the Minotaur Monk began the quest for the Orb.
     0 | D:1      | Reached XP level 1. HP: 19/19 MP: 0/0
   159 | D:1      | Reached skill level 1 in Armour
   159 | D:1      | Reached XP level 2. HP: 23/27 MP: 1/1
   345 | D:1      | You fall into a shaft and drop 1 floor!
   607 | D:2      | Reached XP level 3. HP: 29/33 MP: 2/2
  1119 | D:2      | Found a faded altar of an unknown god.
  1291 | D:3      | Noticed an ice beast
  1299 | D:3      | Slain by an ice beast

Illustrated notes

Levels and vault maps discovered:
D:1:      dpeg_arrival_pits, layout_basic, chequers_serial_rivers_micro_b
D:2:      layout_basic, hellmonk_ecumenical_altar_run_dry, grunt_ministairs_15
D:3:      layout_loops_ring, serial_shops, shop, shop, kennysheep_flooded_box,
          kennysheep_decorative_pillar

Skill      XL: |  1  2  3 |
---------------+----------+-----
Armour         | 1 2 |  2.2
Fighting       | 4 |  4.4
Axes           | 4 |  4.4
Dodging        | |  3.2
Stealth        | |  1.5

Action                   || total
-------------------------++-------
Melee: Hand axe          ||    77
       Headbutt          ||     9
  Use: Potion            ||     1
Armor: Ring mail         ||    46
Dodge: Dodged            ||    53

Table legend: (Time is in decaauts)
 A = Elapsed time spent in this place.
 B = Non-inter-level travel time spent in this place.
 C = Inter-level travel time spent in this place.
 D = Time resting spent in this place.
 E = Time spent auto-exploring this place.
 F = Levels seen in this place.
 G = Mean time per level.
                   A        B        C        D        E       F      G
               +--------+--------+--------+--------+--------+-----+--------+
         Total |   1306 |   1254 |     52 |     30 |   1038 |   3 |  435.3 |
       Dungeon |   1306 |   1254 |     52 |     30 |   1038 |   3 |  435.3 |
               +--------+--------+--------+--------+--------+-----+--------+

Top non-repeatable levels by time:
     D:2: 944 daAuts
     D:1: 348 daAuts
     D:3: 13 daAuts
